[Event "XII Paracin Festival 2019"]
[Site "Paracin"]
[Date "2019.07.06"]
[Round "3.2"]
[White "Liu, Zhaoqi"]
[Black "Svetushkin, Dmitry"]
[Result "1/2-1/2"]
[ECO "A18"]
[WhiteElo "2386"]
[BlackElo "2528"]
[Annotator "ChessBase"]
[PlyCount "103"]
[EventDate "2019.07.05"]
[EventType "swiss"]
[EventCountry "SRB"]
[SourceTitle "playchess.com"]
[Source "ChessBase"]
[SourceQuality "1"]
[TimeControl "5400+30"]

1. c4 Nf6 2. Nc3 e6 3. e4 d5 4. cxd5 exd5 5. e5 Ne4 6. Nf3 Bf5 7. Be2 c5 8. d4 Nc6 9. O-O c4 10. Nxe4 Bxe4 11. Nd2 Bf5 12. g4 Be6 13. b3 h5 14. Nf3 cxb3 15. Qxb3 hxg4 16. Qxb7 gxf3 17. Bb5 Rc8 18. Bxc6+ Bd7 19. Bxd7+ Qxd7 20. Qxd7+ Kxd7 21. Rb1 Be7 22. Rb3 Rh3 23. Bf4 g5 24. Bg3 g4 25. Rb7+ Ke6 26. Rxa7 Rh7 27. Ra6+ Kf5 28. Re1 Rc2 29. a4 Bd8 30. Rd6 Ba5 31. Rd1 Ke4 32. e6 f5 33. Rd7 Rxd7 34. exd7 Bd8 35. Be5 Ra2 36. h3 Rxa4 37. Re1+ Kd3 38. hxg4 fxg4 39. Kh2 Ra7 40. Kg3 Rxd7 41. Kxg4 Bb6 42. Re3+ Kc4 43. Rxf3 Bc7 44. Bh8 Rd8 45. Bf6 Rf8 46. Rf5 Bd8 47. Be5 Rxf5 48. Kxf5 Bb6 49. f4 Bxd4 50. Bxd4 Kxd4 51. Ke6 Ke3 52. Kxd5 {[%emt 0:00:09] Ke4+} 1/2-1/2

[Event "XII Paracin Festival 2019"]
[Site "Paracin"]
[Date "2019.07.06"]
[Round "3.3"]
[White "Lee, Jun Hyeok"]
[Black "Asadli, Vugar"]
[Result "0-1"]
[ECO "A04"]
[WhiteElo "2383"]
[BlackElo "2502"]
[Annotator "ChessBase"]
[PlyCount "92"]
[EventDate "2019.07.05"]
[EventType "swiss"]
[EventCountry "SRB"]
[SourceTitle "playchess.com"]
[Source "ChessBase"]
[SourceQuality "1"]
[TimeControl "5400+30"]

1. Nf3 g6 2. e4 Bg7 3. d4 d6 4. Bc4 e6 5. O-O Ne7 6. c3 O-O 7. Re1 b6 8. Nbd2 Bb7 9. Bb3 c5 10. Nf1 Nbc6 11. Ne3 Na5 12. Bc2 Rc8 13. Qe2 cxd4 14. cxd4 Nac6 15. Qd1 Qc7 16. Bb1 e5 17. d5 Nd4 18. Nxd4 exd4 19. Nf1 f5 20. Bg5 fxe4 21. Bxe4 Rf7 22. Qa4 Rcf8 23. Qxa7 Nc8 24. Qa3 Rxf2 25. Rac1 Qd7 26. Bh4 R2f7 27. Nd2 Bh6 28. Qd3 Qg4 29. Bg3 Ba6 30. Qxa6 Bxd2 31. Bf3 Qf5 32. Qc4 Qg5 33. Rcd1 Ne7 34. Re4 Nf5 35. Rg4 Be3+ 36. Kh1 Nxg3+ 37. hxg3 Qe5 38. Kh2 Rf5 39. Rh4 Bf2 40. Rh3 Bxg3+ 41. Kh1 Re8 42. Rf1 h5 43. a4 h4 44. b4 g5 45. Rg1 Qe3 46. Qc2 Qxg1+ 0-1

[Event "XII Paracin Festival 2019"]
[Site "Paracin"]
[Date "2019.07.06"]
[Round "3.4"]
[White "Stojanovic, Mihajlo"]
[Black "Tanriverdi, Enes"]
[Result "1/2-1/2"]
[ECO "E73"]
[WhiteElo "2483"]
[BlackElo "2374"]
[Annotator "ChessBase"]
[PlyCount "31"]
[EventDate "2019.07.05"]
[EventType "swiss"]
[EventCountry "SRB"]
[SourceTitle "playchess.com"]
[Source "ChessBase"]
[SourceQuality "1"]
[TimeControl "5400+30"]

1. d4 Nf6 2. c4 g6 3. Nc3 Bg7 4. e4 d6 5. Be2 O-O 6. Be3 e5 7. d5 Na6 8. g4 Nc5 9. f3 h5 10. g5 Nh7 11. h4 f6 12. Qd2 fxg5 13. hxg5 Rf4 14. Bxf4 exf4 15. Qxf4 Be5 16. Qe3 1/2-1/2

[Event "XII Paracin Festival 2019"]
[Site "Paracin"]
[Date "2019.07.06"]
[Round "3.5"]
[White "Petrov, Martin"]
[Black "Koksal, Ege"]
[Result "1/2-1/2"]
[ECO "C50"]
[WhiteElo "2480"]
[BlackElo "2368"]
[Annotator "ChessBase"]
[PlyCount "41"]
[EventDate "2019.07.05"]
[EventType "swiss"]
[EventCountry "SRB"]
[SourceTitle "playchess.com"]
[Source "ChessBase"]
[SourceQuality "1"]
[TimeControl "5400+30"]

1. e4 e5 2. Nf3 Nc6 3. Bc4 Bc5 4. d3 Nf6 5. O-O d6 6. c3 a6 7. a4 Ba7 8. Nbd2 O-O 9. h3 h6 10. Re1 Ne7 11. Bb3 Ng6 12. d4 Nh7 13. Nf1 Nh4 14. N1h2 Nxf3+ 15. Nxf3 Qf6 16. Be3 Re8 17. a5 Nf8 18. Nh2 Qg6 19. Qf3 Be6 20. Bc2 Nh7 21. dxe5 1/2-1/2

[Event "XII Paracin Festival 2019"]
[Site "Paracin"]
[Date "2019.07.06"]
[Round "3.6"]
[White "Nie, Xinyang"]
[Black "Song, Raymond"]
[Result "0-1"]
[ECO "B18"]
[WhiteElo "2375"]
[BlackElo "2456"]
[Annotator "ChessBase"]
[PlyCount "65"]
[EventDate "2019.07.05"]
[EventType "swiss"]
[EventCountry "SRB"]
[SourceTitle "playchess.com"]
[Source "ChessBase"]
[SourceQuality "1"]
[TimeControl "5400+30"]

1. e4 c6 2. d4 d5 3. Nc3 dxe4 4. Nxe4 Bf5 5. Ng3 Bg6 6. N1e2 Nf6 7. Nf4 e5 8. Nxg6 hxg6 9. Be3 Nbd7 10. c3 Qc7 11. Qb3 exd4 12. Bxd4 Bc5 13. Bc4 O-O 14. Bxf6 Rae8+ 15. Be2 gxf6 16. O-O f5 17. Qc2 Kg7 18. Rad1 Nf6 19. Bf3 Qe5 20. Qc1 Bb6 21. Rfe1 Qc5 22. Rf1 Ne4 23. Qf4 Nxg3 24. Qxg3 Re6 25. Qf4 Rd8 26. h4 Rxd1 27. Bxd1 Re4 28. Qg3 Qe7 29. h5 Bc7 30. Qd3 gxh5 31. Bf3 Qh4 32. Bd1 Qd8 33. g3 0-1

[Event "XII Paracin Festival 2019"]
[Site "Paracin"]
[Date "2019.07.06"]
[Round "3.7"]
[White "Pikula, Dejan"]
[Black "Avalyan, Artur"]
[Result "0-1"]
[ECO "C00"]
[WhiteElo "2447"]
[BlackElo "2351"]
[Annotator "NA"]
[PlyCount "104"]
[EventDate "2019.07.05"]
[EventType "swiss"]
[EventCountry "SRB"]
[SourceTitle "playchess.com"]
[Source "ChessBase"]
[SourceQuality "1"]
[TimeControl "5400+30"]

1. e4 e6 2. d3 d5 3. Qe2 Nf6 4. Nf3 Be7 5. g3 b5 6. e5 Nfd7 7. Bg2 c5 8. O-O O-O 9. c3 a5 10. a4 bxa4 11. Rxa4 Nc6 12. Re1 Ba6 13. h4 Bb5 14. Ra1 a4 15. c4 dxc4 16. dxc4 Ba6 17. Rd1 Qc7 18. Bf4 Nb6 19. Na3 Nd5 20. Qe4 Nxf4 21. gxf4 Rab8 22. Rd2 Nd4 23. Nxd4 cxd4 24. Qc2 Rb4 25. Rxd4 Rfb8 26. Rd2 h5 27. Rad1 Qa5 28. Qc3 Qc5 29. Qf3 g6 30. f5 exf5 31. e6 fxe6 32. Qg3 Kf7 33. Nb5 R8xb5 34. cxb5 Bxb5 35. Bf3 Rxh4 36. Re1 Bc6 37. Rde2 f4 38. Qg2 Rg4 39. Bxg4 Bxg2 40. Bxe6+ Kf6 41. Kxg2 Qc6+ 42. Re4 Bb4 43. R1e2 Kg5 44. f3 Qd6 45. Bf7 Bc5 46. Kh2 Kh4 47. Bxg6 Qd1 48. Rg2 Qxf3 49. Bf5 Bf2 50. Rb4 Bg3+ 51. Kh1 Qf1+ 52. Rg1 Qf2 0-1

[Event "XII Paracin Festival 2019"]
[Site "Paracin"]
[Date "2019.07.06"]
[Round "3.8"]
[White "Bashirli, Nail"]
[Black "Cabarkapa, Novak"]
[Result "1-0"]
[ECO "C07"]
[WhiteElo "2367"]
[BlackElo "2444"]
[Annotator "NA"]
[PlyCount "77"]
[EventDate "2019.07.05"]
[EventType "swiss"]
[EventCountry "SRB"]
[SourceTitle "playchess.com"]
[Source "ChessBase"]
[SourceQuality "1"]
[TimeControl "5400+30"]

1. e4 e6 2. d4 d5 3. Nd2 c5 4. Ngf3 cxd4 5. Nxd4 Nc6 6. Bb5 Bd7 7. Nxc6 Bxc6 8. Qe2 Nf6 9. O-O dxe4 10. Bxc6+ bxc6 11. Nxe4 Nxe4 12. Qxe4 Qd5 13. Qg4 Bd6 14. Rd1 h5 15. Qe2 Qe5 16. Qxe5 Bxe5 17. Be3 a6 18. Bc5 Rd8 19. g3 Rd5 20. Ba3 g5 21. c4 Rd7 22. Rxd7 Kxd7 23. Rd1+ Kc7 24. Bb4 c5 25. Bxc5 Bxb2 26. Bd6+ Kc6 27. Be7 Be5 28. Bxg5 Rb8 29. Be7 Rb2 30. a3 Rc2 31. c5 Rc3 32. Bd6 Bxd6 33. Rxd6+ Kb5 34. Rb6+ Ka5 35. Rb7 Rxc5 36. Rxf7 Rc3 37. Rf6 Ka4 38. Rxe6 a5 39. Re5 1-0

[Event "XII Paracin Festival 2019"]
[Site "Paracin"]
[Date "2019.07.06"]
[Round "3.9"]
[White "Nestorovic, Dejan"]
[Black "Lajthajm, Borko"]
[Result "1/2-1/2"]
[ECO "D53"]
[WhiteElo "2341"]
[BlackElo "2424"]
[Annotator "NA"]
[PlyCount "50"]
[EventDate "2019.07.05"]
[EventType "swiss"]
[EventCountry "SRB"]
[SourceTitle "playchess.com"]
[Source "ChessBase"]
[SourceQuality "1"]
[TimeControl "5400+30"]

1. d4 d5 2. c4 e6 3. Nc3 Nf6 4. Bg5 Be7 5. cxd5 exd5 6. e3 c6 7. Bd3 Nbd7 8. Qc2 Nf8 9. Nf3 Ng6 10. Nh4 Nxh4 11. Bxh4 Be6 12. O-O h6 13. Bxf6 Bxf6 14. b4 Qe7 15. Rab1 a6 16. a4 O-O 17. Rfc1 Rad8 18. Bh7+ Kh8 19. Bd3 b5 20. axb5 axb5 21. Ne2 Bd7 22. Bf5 Bxf5 23. Qxf5 Rd6 24. Nf4 Ra8 25. Ra1 Qb7 1/2-1/2

[Event "XII Paracin Festival 2019"]
[Site "Paracin"]
[Date "2019.07.06"]
[Round "3.10"]
[White "Janzelj, Tim"]
[Black "Chen, Peng"]
[Result "1-0"]
[ECO "E38"]
[WhiteElo "2416"]
[BlackElo "2328"]
[Annotator "NA"]
[PlyCount "121"]
[EventDate "2019.07.05"]
[EventType "swiss"]
[EventCountry "SRB"]
[SourceTitle "playchess.com"]
[Source "ChessBase"]
[SourceQuality "1"]
[TimeControl "5400+30"]

1. d4 Nf6 2. c4 e6 3. Nc3 Bb4 4. Qc2 c5 5. dxc5 Bxc5 6. Nf3 O-O 7. Bf4 Nc6 8. e3 b6 9. Be2 Be7 10. O-O Nh5 11. Rad1 Nxf4 12. exf4 Qc7 13. g3 a6 14. Nd5 exd5 15. cxd5 Bf6 16. Bd3 h6 17. Bh7+ Kh8 18. Be4 Bb7 19. Rd2 Rac8 20. dxc6 dxc6 21. Rfd1 Rcd8 22. Rxd8 Rxd8 23. Rxd8+ Qxd8 24. Ne5 Bxe5 25. fxe5 Qd7 26. Qd3 Qxd3 27. Bxd3 c5 28. f4 Kg8 29. f5 f6 30. e6 Kf8 31. Kf2 Ke7 32. Ke3 a5 33. Bb5 Bd5 34. a3 Bb3 35. Ke4 Kd6 36. Kf4 Bd1 37. g4 Bc2 38. Kg3 g5 39. fxg6 Bxg6 40. Bc4 Be8 41. Kf4 b5 42. Kf5 Ke7 43. Bd5 h5 44. h4 hxg4 45. Kxg4 a4 46. h5 b4 47. h6 Bg6 48. Kf4 f5 49. Ke5 Bh7 50. Bc4 f4 51. Kxf4 Kf6 52. Bd5 Bg6 53. Be4 Be8 54. h7 Kg7 55. Ke5 c4 56. axb4 c3 57. bxc3 a3 58. Bb1 Bg6 59. Bxg6 a2 60. h8=Q+ Kxh8 61. e7 1-0

[Event "XII Paracin Festival 2019"]
[Site "Paracin"]
[Date "2019.07.06"]
[Round "3.11"]
[White "Ivanovic, Marko"]
[Black "McPhillips, Joseph"]
[Result "0-1"]
[ECO "C10"]
[WhiteElo "2267"]
[BlackElo "2412"]
[Annotator "NA"]
[PlyCount "64"]
[EventDate "2019.07.05"]
[EventType "swiss"]
[EventCountry "SRB"]
[SourceTitle "playchess.com"]
[Source "ChessBase"]
[SourceQuality "1"]
[TimeControl "5400+30"]

1. e4 e6 2. d4 d5 3. Nc3 h6 4. Nf3 Nf6 5. e5 Ne4 6. a3 c5 7. Bd3 Ng5 8. Bxg5 hxg5 9. dxc5 Bxc5 10. Qd2 g4 11. Ng5 Be7 12. f4 Nc6 13. Bb5 f6 14. exf6 gxf6 15. O-O-O fxg5 16. Qd3 Rh6 17. h3 a6 18. hxg4 Rxh1 19. Rxh1 axb5 20. Rh8+ Bf8 21. Qg6+ Kd7 22. Rh7+ Be7 23. f5 Kd6 24. f6 Bxf6 25. Nxb5+ Kc5 26. Nc7 Ne5 27. b4+ Kc4 28. Qh5 Rxa3 29. Kd2 Qf8 30. Qh1 Qxb4+ 31. Ke2 Qc3 32. Qf1 Qxc2+ 0-1

[Event "XII Paracin Festival 2019"]
[Site "Paracin"]
[Date "2019.07.06"]
[Round "3.12"]
[White "Korpa, Bence"]
[Black "Rabrenovic, Vladan"]
[Result "1-0"]
[ECO "A25"]
[WhiteElo "2523"]
[BlackElo "2326"]
[Annotator "ChessBase"]
[PlyCount "97"]
[EventDate "2019.07.05"]
[EventType "swiss"]
[EventCountry "SRB"]
[SourceTitle "playchess.com"]
[Source "ChessBase"]
[SourceQuality "1"]
[TimeControl "5400+30"]

1. c4 e5 2. g3 Nc6 3. Bg2 g6 4. Nc3 Bg7 5. e3 d6 6. Nge2 Nf6 7. O-O O-O 8. d3 Be6 9. b3 Qd7 10. Bb2 Bh3 11. e4 Nd4 12. Nxd4 exd4 13. Ne2 c5 14. Bxh3 Qxh3 15. Nf4 Qd7 16. Kg2 b5 17. Qc2 Rfb8 18. Rae1 bxc4 19. bxc4 Rb6 20. Ba1 Rab8 21. h3 h5 22. Ne2 Ra6 23. Rb1 Rxb1 24. Rxb1 Qa4 25. Rb8+ Kh7 26. Qxa4 Rxa4 27. Nc1 Bh6 28. Bb2 h4 29. Rb7 Kg7 30. a3 hxg3 31. fxg3 Kf8 32. Nb3 Nxe4 33. dxe4 Rxc4 34. Kf3 Be3 35. Na1 Bc1 36. Bxc1 Rxc1 37. Nb3 Rc2 38. Na5 Rc3+ 39. Kf4 g5+ 40. Kxg5 Rxg3+ 41. Kf4 Rxh3 42. Nc4 Rc3 43. Nxd6 Rxa3 44. Rxf7+ Kg8 45. Rc7 Rc3 46. e5 Rc1 47. e6 Re1 48. Ne4 d3 49. Nf6+ 1-0

[Event "XII Paracin Festival 2019"]
[Site "Paracin"]
[Date "2019.07.06"]
[Round "3.13"]
[White "Lazov, Toni"]
[Black "Sanal, Vahap"]
[Result "1/2-1/2"]
[ECO "C54"]
[WhiteElo "2313"]
[BlackElo "2520"]
[Annotator "ChessBase"]
[PlyCount "50"]
[EventDate "2019.07.05"]
[EventType "swiss"]
[EventCountry "SRB"]
[SourceTitle "playchess.com"]
[Source "ChessBase"]
[SourceQuality "1"]
[TimeControl "5400+30"]

1. e4 e5 2. Nf3 Nc6 3. Bc4 Bc5 4. c3 Nf6 5. d3 d6 6. a4 a6 7. Bg5 h6 8. Bh4 Ba7 9. Nbd2 Qe7 10. O-O g5 11. Bg3 Nh7 12. Kh1 h5 13. h4 f6 14. b4 Nd8 15. d4 g4 16. Ne1 exd4 17. cxd4 Bxd4 18. Rc1 Nf8 19. Nd3 Ng6 20. b5 a5 21. Bd5 Nf7 22. Qc2 Bb6 23. Nc4 Bd4 24. Nd2 Bb6 25. Nc4 Bd4 1/2-1/2

[Event "XII Paracin Festival 2019"]
[Site "Paracin"]
[Date "2019.07.06"]
[Round "3.14"]
[White "Tan, Justin"]
[Black "Apaydin, Fethi"]
[Result "0-1"]
[ECO "B41"]
[WhiteElo "2513"]
[BlackElo "2310"]
[Annotator "ChessBase"]
[PlyCount "111"]
[EventDate "2019.07.05"]
[EventType "swiss"]
[EventCountry "SRB"]
[SourceTitle "playchess.com"]
[Source "ChessBase"]
[SourceQuality "1"]
[TimeControl "5400+30"]

1. e4 c5 2. Nf3 e6 3. d4 cxd4 4. Nxd4 a6 5. c4 Nc6 6. Nxc6 bxc6 7. Nc3 Bc5 8. Qf3 Ne7 9. h4 O-O 10. h5 f5 11. e5 Bd4 12. h6 g6 13. Bf4 Qa5 14. Qg3 Rb8 15. O-O-O c5 16. Rd2 Nc6 17. Kd1 Bxc3 18. Qxc3 Qxa2 19. Be3 Rb3 20. Qc2 Nb4 21. Qc1 Qa4 22. Ke1 Qa5 23. Qd1 Rxb2 24. Rxb2 Nd3+ 25. Ke2 Nxb2 26. Qb3 Qb4 27. Qxb4 cxb4 28. Bc5 Re8 29. Kd2 a5 30. Bd4 Na4 31. c5 Nc3 32. Bxc3 bxc3+ 33. Kxc3 Bb7 34. Bb5 Rc8 35. Bxd7 Rxc5+ 36. Kb3 Kf7 37. f3 Bd5+ 38. Ka4 Ke7 39. Bb5 Bb3+ 40. Kxa5 Bc4 41. Kb4 Rxb5+ 42. Kxc4 Rxe5 43. Rb1 Rd5 44. Rb8 Rd7 45. f4 Kf7 46. Rh8 Kf6 47. g3 e5 48. Rf8+ Ke6 49. fxe5 Kxe5 50. Rg8 Rd4+ 51. Kc5 Rg4 52. Rg7 Rxg3 53. Re7+ Kf4 54. Rxh7 Rh3 55. Rh8 g5 56. Kd4 {Ke5+} 0-1

[Event "XII Paracin Festival 2019"]
[Site "Paracin"]
[Date "2019.07.06"]
[Round "3.15"]
[White "Eswaran, Ashritha"]
[Black "Vishnu Prasanna. V"]
[Result "0-1"]
[ECO "C53"]
[WhiteElo "2257"]
[BlackElo "2505"]
[Annotator "ChessBase"]
[PlyCount "72"]
[EventDate "2019.07.05"]
[EventType "swiss"]
[EventCountry "SRB"]
[SourceTitle "playchess.com"]
[Source "ChessBase"]
[SourceQuality "1"]
[TimeControl "5400+30"]

1. e4 e5 2. Nf3 Nc6 3. Bc4 Bc5 4. c3 Bb6 5. d3 Nf6 6. a4 d6 7. Nbd2 O-O 8. O-O h6 9. b4 a5 10. b5 Ne7 11. Bb3 c6 12. Nc4 Bc7 13. Re1 Ng6 14. d4 Be6 15. Ba3 Re8 16. dxe5 dxe5 17. Qc2 cxb5 18. axb5 Qd7 19. Ncd2 Bxb3 20. Qxb3 a4 21. Qb1 Nf4 22. Nf1 Bb6 23. Ne3 Ng4 24. Ra2 Nxe3 25. fxe3 Rad8 26. Kh1 Nd3 27. Ree2 Qg4 28. Qc2 Qxe4 29. Ra1 Qc4 30. Nd2 Qxb5 31. c4 Qc6 32. Rb1 Bc5 33. Bxc5 Nxc5 34. Rb5 a3 35. Qa2 Ne4 36. Nxe4 Rd1+ 0-1

[Event "XII Paracin Festival 2019"]
[Site "Paracin"]
[Date "2019.07.06"]
[Round "3.16"]
[White "Savic, Miodrag R"]
[Black "Maksimovic, Bojan"]
[Result "1/2-1/2"]
[ECO "B06"]
[WhiteElo "2503"]
[BlackElo "2326"]
[Annotator "ChessBase"]
[PlyCount "140"]
[EventDate "2019.07.05"]
[EventType "swiss"]
[EventCountry "SRB"]
[SourceTitle "playchess.com"]
[Source "ChessBase"]
[SourceQuality "1"]
[TimeControl "5400+30"]

1. e4 g6 2. d4 Bg7 3. Nc3 d6 4. Nf3 a6 5. Be2 b5 6. a4 b4 7. Nd5 a5 8. c3 c6 9. Ne3 bxc3 10. bxc3 Nf6 11. e5 dxe5 12. Nxe5 O-O 13. Ba3 Nd5 14. Nxd5 cxd5 15. O-O Bxe5 16. dxe5 Nc6 17. Bb5 Na7 18. Qd2 Nxb5 19. axb5 Be6 20. Qg5 Re8 21. Bc5 Qc7 22. Bd4 Qd7 23. f4 Bf5 24. b6 a4 25. Rf2 Ra6 26. h3 Qb5 27. g4 Be4 28. f5 Rxb6 29. Bxb6 Qxb6 30. f6 exf6 31. Qxf6 Qa7 32. Kh2 Rxe5 33. Rxa4 Qc7 34. Qf4 Re7 35. Qxc7 Rxc7 36. Ra3 Kg7 37. h4 h6 38. g5 hxg5 39. hxg5 Bf5 40. Kg3 Be6 41. Rf4 Rb7 42. Rb4 Rc7 43. Kf4 Rc8 44. Kg3 Rh8 45. Rh4 Rc8 46. Kf4 Rc4+ 47. Kg3 Rc8 48. Kf3 Bf5 49. Ke3 Be6 50. Kd3 Bf5+ 51. Kd2 Rb8 52. Ke3 Be6 53. Rh2 Rb1 54. Rg2 Rd1 55. Ra4 Re1+ 56. Kd2 Rb1 57. Rb4 Ra1 58. Ke3 Rd1 59. Rh4 Kf8 60. Rh8+ Ke7 61. Rb8 Kd6 62. Rb6+ Ke5 63. Rb5 Kd6 64. Ra5 Rc1 65. Kd2 Rb1 66. Ke3 Re1+ 67. Kd3 Rb1 68. Ke3 Re1+ 69. Kd2 Rb1 70. Ke3 Ke5 {Ke4+} 1/2-1/2

[Event "XII Paracin Festival 2019"]
[Site "Paracin"]
[Date "2019.07.06"]
[Round "3.17"]
[White "Lorparizangeneh, Shahin"]
[Black "Dedebas, Emre Emin"]
[Result "1/2-1/2"]
[ECO "A06"]
[WhiteElo "2494"]
[BlackElo "2301"]
[Annotator "ChessBase"]
[PlyCount "52"]
[EventDate "2019.07.05"]
[EventType "swiss"]
[EventCountry "SRB"]
[SourceTitle "playchess.com"]
[Source "ChessBase"]
[SourceQuality "1"]
[TimeControl "5400+30"]

1. Nf3 d5 2. g3 Nf6 3. Bg2 e6 4. O-O Be7 5. c4 O-O 6. b3 b6 7. Bb2 Bb7 8. e3 c5 9. Qe2 Nc6 10. Rd1 Qc7 11. Nc3 Rad8 12. Rac1 Qb8 13. d3 Rfe8 14. cxd5 exd5 15. d4 cxd4 16. exd4 Bf8 17. Qb5 Qd6 18. Na4 Ne4 19. Nc5 bxc5 20. Qxb7 Rb8 21. Qa6 c4 22. Ne5 Nxe5 23. Qxd6 Nf3+ 24. Bxf3 Bxd6 25. Bxe4 Rxe4 26. Rc2 cxb3 1/2-1/2

[Event "XII Paracin Festival 2019"]
[Site "Paracin"]
[Date "2019.07.06"]
[Round "3.18"]
[White "Spirliadis, Achileas"]
[Black "Kosic, Dragan"]
[Result "0-1"]
[ECO "A40"]
[WhiteElo "2151"]
[BlackElo "2482"]
[Annotator "ChessBase"]
[PlyCount "114"]
[EventDate "2019.07.05"]
[EventType "swiss"]
[EventCountry "SRB"]
[SourceTitle "playchess.com"]
[Source "ChessBase"]
[SourceQuality "1"]
[TimeControl "5400+30"]

1. d4 Nf6 2. c4 e6 3. g3 Bb4+ 4. Bd2 a5 5. Bg2 d6 6. e3 e5 7. Ne2 Nc6 8. O-O Bxd2 9. Qxd2 O-O 10. Nbc3 Bd7 11. h3 Re8 12. Rae1 a4 13. Qc2 Qc8 14. Kh2 Bf5 15. Qd1 Nb4 16. e4 Bd7 17. a3 Nc6 18. Nd5 Qd8 19. f4 exd4 20. Nxd4 Nxd4 21. Qxd4 c5 22. Qc3 Bc6 23. e5 dxe5 24. fxe5 Nd7 25. Rf2 Qa5 26. Qxa5 Rxa5 27. Rfe2 Nf8 28. Nc7 Re7 29. e6 Rxc7 30. Bxc6 Nxe6 31. Bd5 Ra6 32. Bxe6 fxe6 33. Rxe6 Rd7 34. h4 Rxe6 35. Rxe6 Rd2+ 36. Kh3 Rxb2 37. Re8+ Kf7 38. Ra8 h5 39. Rxa4 g6 40. Ra8 Kf6 41. Rc8 b6 42. Rc6+ Kf5 43. Rc8 Rb3 44. Rf8+ Ke5 45. Rg8 Kd4 46. Rxg6 Kxc4 47. Rh6 b5 48. Rxh5 Rxa3 49. Rh7 b4 50. Rb7 b3 51. h5 Kc3 52. Kg4 b2 53. h6 Kc2 54. h7 Ra8 55. Kh5 b1=Q 56. Rxb1 Kxb1 57. g4 Rh8 0-1

[Event "XII Paracin Festival 2019"]
[Site "Paracin"]
[Date "2019.07.06"]
[Round "3.19"]
[White "Stankovic, Milos"]
[Black "Colovic, Dusan"]
[Result "1-0"]
[ECO "B06"]
[WhiteElo "2462"]
[BlackElo "2297"]
[Annotator "ChessBase"]
[PlyCount "53"]
[EventDate "2019.07.05"]
[EventType "swiss"]
[EventCountry "SRB"]
[SourceTitle "playchess.com"]
[Source "ChessBase"]
[SourceQuality "1"]
[TimeControl "5400+30"]

1. e4 d6 2. d4 g6 3. Nc3 Bg7 4. Be3 Nf6 5. Nf3 O-O 6. Bd3 c6 7. h3 Nbd7 8. Qd2 e5 9. dxe5 dxe5 10. Bh6 Qc7 11. O-O Re8 12. Bxg7 Kxg7 13. Ne2 Nf8 14. Qc3 h6 15. Ng3 Bd7 16. Rad1 Rad8 17. Bc4 N8h7 18. Rd2 Ng5 19. Nxg5 hxg5 20. Rfd1 g4 21. h4 Bc8 22. Rxd8 Rxd8 23. Rxd8 Qxd8 24. Qxe5 Qd1+ 25. Bf1 Qxc2 26. h5 Be6 27. h6+ 1-0

[Event "XII Paracin Festival 2019"]
[Site "Paracin"]
[Date "2019.07.06"]
[Round "3.20"]
[White "Froewis, Georg"]
[Black "Gan-Od, Sereenen"]
[Result "1/2-1/2"]
[ECO "A38"]
[WhiteElo "2434"]
[BlackElo "2294"]
[Annotator "NA"]
[PlyCount "119"]
[EventDate "2019.07.05"]
[EventType "swiss"]
[EventCountry "SRB"]
[SourceTitle "playchess.com"]
[Source "ChessBase"]
[SourceQuality "1"]
[TimeControl "5400+30"]

1. Nf3 Nf6 2. c4 c5 3. Nc3 Nc6 4. g3 g6 5. Bg2 Bg7 6. d3 O-O 7. Bd2 d6 8. Qc1 Bg4 9. h3 Bxf3 10. Bxf3 Rb8 11. Bg2 Nd4 12. e3 Ne6 13. a3 a6 14. b4 b5 15. cxb5 axb5 16. O-O Qd7 17. Rb1 Rfc8 18. Qd1 d5 19. bxc5 Nxc5 20. Qe2 Na4 21. Rfc1 e6 22. Na2 Ne8 23. h4 Rxc1+ 24. Bxc1 Rc8 25. Qd1 Nd6 26. Bf3 h5 27. Be2 Qc7 28. Bd2 Qc2 29. Nb4 Qxd1+ 30. Bxd1 Nc3 31. Bxc3 Rxc3 32. a4 bxa4 33. Bxa4 Ra3 34. Bb3 Bf6 35. d4 Ne4 36. Nc2 Ra7 37. Rd1 Kg7 38. Kg2 Rb7 39. Rd3 Be7 40. Kg1 Bd8 41. Na1 Ba5 42. Rd1 Nc3 43. Rd2 Bb4 44. Kg2 Ne4 45. Rd1 Nd6 46. Bc2 Ra7 47. Bd3 Ra2 48. Nc2 Rb2 49. Nxb4 Rxb4 50. Rb1 Rxb1 51. Bxb1 Kf6 52. Kf3 e5 53. dxe5+ Kxe5 54. Bd3 f5 55. Ke2 d4 56. exd4+ Kxd4 57. Bb1 Nb5 58. Kf3 Ke5 59. Ba2 Kf6 60. Bc4 1/2-1/2

[Event "XII Paracin Festival 2019"]
[Site "Paracin"]
[Date "2019.07.06"]
[Round "3.21"]
[White "Wadsworth, Matthew J"]
[Black "Pastar, Slaven"]
[Result "0-1"]
[ECO "A26"]
[WhiteElo "2418"]
[BlackElo "2276"]
[Annotator "NA"]
[PlyCount "100"]
[EventDate "2019.07.05"]
[EventType "swiss"]
[EventCountry "SRB"]
[SourceTitle "playchess.com"]
[Source "ChessBase"]
[SourceQuality "1"]
[TimeControl "5400+30"]

1. c4 e5 2. g3 Nc6 3. Nc3 g6 4. Bg2 Bg7 5. d3 d6 6. Nf3 f5 7. O-O Nf6 8. Rb1 a5 9. a3 O-O 10. b4 axb4 11. axb4 h6 12. b5 Ne7 13. Bb2 Be6 14. Ra1 Rb8 15. Ra7 g5 16. Ne1 b6 17. Nc2 f4 18. Nb4 Qd7 19. Qb3 Rf7 20. Nbd5 Nexd5 21. Nxd5 Nxd5 22. cxd5 Bh3 23. Rxc7 Qxc7 24. Bxh3 Kh8 25. Be6 Rff8 26. Ba3 Qe7 27. Rc1 h5 28. Qb4 Rbd8 29. Qe4 Qf6 30. f3 g4 31. Kg2 gxf3+ 32. Qxf3 Qg5 33. h4 Qxg3+ 34. Qxg3 fxg3 35. Kxg3 e4 36. dxe4 Be5+ 37. Kg2 Rf4 38. Rf1 Rxe4 39. Rf5 Rxh4 40. Rxe5 dxe5 41. Be7 Rg8+ 42. Kf3 Rf4+ 43. Ke3 Rg3+ 44. Kd2 Kg7 45. e3 Rf2+ 46. Kd3 Rff3 47. d6 Rxe3+ 48. Kd2 Ra3 49. Ke2 Rg2+ 50. Kf1 Rb2 0-1

[Event "XII Paracin Festival 2019"]
[Site "Paracin"]
[Date "2019.07.06"]
[Round "3.22"]
[White "Djordjevic, Vuk"]
[Black "Nandhidhaa, P V"]
[Result "1/2-1/2"]
[ECO "A45"]
[WhiteElo "2412"]
[BlackElo "2259"]
[Annotator "NA"]
[PlyCount "57"]
[EventDate "2019.07.05"]
[EventType "swiss"]
[EventCountry "SRB"]
[SourceTitle "playchess.com"]
[Source "ChessBase"]
[SourceQuality "1"]
[TimeControl "5400+30"]

1. d4 Nf6 2. Bg5 g6 3. Bxf6 exf6 4. c4 d5 5. cxd5 Qxd5 6. Nc3 Qd8 7. e3 c6 8. h4 h5 9. g3 Bd6 10. Bg2 O-O 11. Nge2 Re8 12. O-O Na6 13. Rb1 Bg4 14. Qd2 Qd7 15. a3 Bh3 16. b4 Bxg2 17. Kxg2 Nc7 18. a4 a6 19. Qd3 Bf8 20. Nf4 Bh6 21. Nfe2 f5 22. b5 axb5 23. axb5 Nd5 24. bxc6 bxc6 25. Kh2 Nf6 26. Kg1 Ng4 27. Nf4 Bxf4 28. exf4 Rad8 29. Rfd1 1/2-1/2

[Event "XII Paracin Festival 2019"]
[Site "Paracin"]
[Date "2019.07.06"]
[Round "3.23"]
[White "Ratkovic, Milovan"]
[Black "Bratkovic, Sham"]
[Result "1-0"]
[ECO "D45"]
[WhiteElo "2407"]
[BlackElo "2237"]
[Annotator "NA"]
[PlyCount "112"]
[EventDate "2019.07.05"]
[EventType "swiss"]
[EventCountry "SRB"]
[SourceTitle "playchess.com"]
[Source "ChessBase"]
[SourceQuality "1"]
[TimeControl "5400+30"]

1. d4 d5 2. c4 c6 3. Nc3 Nf6 4. e3 e6 5. Nf3 Nbd7 6. Qc2 Bd6 7. g4 h6 8. h3 a6 9. c5 Bc7 10. Bd2 b6 11. cxb6 Bxb6 12. Na4 Bb7 13. Qb3 O-O 14. Nxb6 Qxb6 15. Qxb6 Nxb6 16. Rc1 Rfc8 17. Rg1 a5 18. Ne5 Nbd7 19. g5 hxg5 20. Nxd7 Nxd7 21. Rxg5 c5 22. dxc5 Nxc5 23. Bc3 g6 24. f3 Na4 25. Bd2 Rxc1+ 26. Bxc1 Ba6 27. Bxa6 Rxa6 28. Rg4 Nc5 29. Ke2 Kg7 30. Bd2 f6 31. Rg1 e5 32. Rc1 Ne6 33. Rc8 d4 34. Rb8 dxe3 35. Rb7+ Kh6 36. Kxe3 g5 37. a4 Nc5 38. Rb5 Nxa4 39. b3 Nb6 40. Rxa5 Rxa5 41. Bxa5 Nc8 42. b4 Nd6 43. Bc7 Nb5 44. Bd8 Kg6 45. Kd3 Kf7 46. Kc4 Nd4 47. b5 Ke8 48. Bxf6 Nxf3 49. Kd5 Kd7 50. Bxe5 Kc8 51. Bd4 Kb7 52. Ke4 Nh4 53. Be3 Ng2 54. Bxg5 Kb6 55. Be3+ Kxb5 56. Bf2 Kc4 1-0